Map: Invader LE

Players

lllllllll (Probe) - Winner!

  • Race: Protoss Protoss
  • League: Master
  • Spawn Location: 1:00

Smile

  • Race: Zerg Zerg
  • League: Master
  • Spawn Location: 11:00

VOD

Have the link to the VOD?

Description

Time

  • Played on: April 16, 2016, 5:17 a.m.
  • Length: 14:20
Show
View Real Time Build Order
Export as new Build Order

lllllllll Protoss - Winner!

Build Orders: 1 Gate Expand, Mass Adepts 

Get SALT Encoding   

  12  0:01  Probe (Chrono Boost)  
  13  0:11  Probe (Chrono Boost)  
  14  0:18  Pylon  
  14  0:22  Probe (Chrono Boost)  
  15  0:36  Probe (Chrono Boost)  
  15  0:38  Gateway  
  16  0:46  Assimilator  
  16  0:47  Probe (Chrono Boost)  
  17  0:57  Probe (Chrono Boost)  
  18  1:08  Probe (Chrono Boost)  
  19  1:20  Nexus  
  19  1:27  Probe (Chrono Boost)  
  19  1:32  Cybernetics Core  
  20  1:37  Probe (Chrono Boost)  
  21  1:44  Assimilator  
  21  1:48  Probe (Chrono Boost)  
  21  1:52  Pylon  
  22  1:58  Probe (Chrono Boost)  
  23  2:09  Stalker (Chrono Boost)  
  23  2:10  Probe (Chrono Boost), Warp Gate  
  26  2:21  Probe  
  27  2:33  Probe, Twilight Council  
  27  2:34  Probe  
  27  2:36  Adept (Chrono Boost)  
  31  2:45  Probe x2 (Chrono Boost)  
  33  2:57  Probe x2 (Chrono Boost)  
  35  3:00  Adept  
  36  3:06  Probe (Chrono Boost)  
  36  3:08  Probe (Chrono Boost)  
  36  3:10  Resonating Glaives (Chrono Boost)  
  38  3:18  Gateway  
  38  3:19  Probe  
  38  3:20  Gateway  
  40  3:27  Pylon  
  40  3:30  Probe  
  40  3:31  Adept  
  40  3:33  Mothership Core  
  44  3:40  Probe  
  44  3:47  Gateway  
  45  3:51  Gateway, Probe  
  45  3:55  Probe  
  47  4:01  Probe  
  47  4:02  Pylon  
  47  4:03  Pylon  
  47  4:08  Probe  
  49  4:12  Probe  
  50  4:19  Assimilator  
  50  4:20  Probe  
  50  4:21  Adept, Assimilator  
  50  4:22  Probe  
  53  4:26  Adept x2  
  58  4:33  Probe x2, Blink (Chrono Boost)  
  60  4:41  Forge  
  61  4:47  Adept x2  
  61  4:50  Adept  
  61  4:52  Adept  
  68  4:54  Sentry  
  70  5:12  Nexus  
  70  5:14  Pylon  
  70  5:18  Protoss Ground Weapons Level 1 (Chrono Boost)  
  70  5:22  Pylon  
  70  5:25  Pylon  
  70  5:32  Probe x2  
  70  5:34  Sentry x2  
  70  5:35  Sentry  
  78  5:44  Probe x2  
  80  5:55  Adept  
  80  5:56  Adept  
  84  6:01  Probe  
  84  6:02  Gateway, Probe  
  86  6:04  Gateway  
  86  6:06  Adept  
  86  6:07  Adept  
  86  6:08  Gateway  
  88  6:13  Probe  
  88  6:14  Probe  
  84  6:28  Probe, Adept x5  
  84  6:30  Probe  
  86  6:34  Probe  
  85  6:49  Pylon  
  85  6:50  Zealot  
  85  6:51  Pylon  
  87  6:54  Probe  
  87  6:55  Probe  
  87  6:56  Probe, Robotics Facility  
  87  6:59  Stalker x2  
  87  7:00  Sentry  
  87  7:01  Sentry  
  98  7:04  Probe  
  98  7:07  Probe  
  98  7:08  Probe, Stalker  
  103  7:12  Protoss Ground Weapons Level 2 (Chrono Boost)  
  103  7:15  Probe  
  103  7:20  Probe  
  103  7:21  Stalker x3  
  111  7:27  Stalker x2  
  101  7:46  Stalker x3  
  101  7:47  Stalker x3  
  101  7:49  Observer (Chrono Boost)  
  110  7:53  Assimilator  
  110  7:55  Assimilator  
  110  7:57  Stalker x2, Pylon  
  114  8:13  Nexus  
  114  8:17  Stalker  
  114  8:18  Stalker x3  
  122  8:22  Pylon  
  122  8:26  Stalker x2  
  126  8:33  Warp Prism (Chrono Boost)  
  128  8:45  Adept  
  128  8:46  Adept x4  
  138  8:49  Adept  
  140  9:13  Charge (Chrono Boost), Robotics Facility  
  140  9:14  Pylon  
  140  9:17  Pylon  
  140  9:20  Immortal  
  140  9:22  Probe  
  141  9:25  Probe x2  
  147  9:34  Protoss Ground Weapons Level 3 (Chrono Boost)  
  145  9:50  Zealot x8  
  145  9:52  Templar Archives  
  153  9:55  Probe  
  153  9:56  Probe x3  
  155  10:03  Immortal (Chrono Boost)  
  155  10:04  Immortal (Chrono Boost)  
  155  10:16  Assimilator  
  155  10:18  Assimilator  
  155  10:29  High Templar  
  155  10:30  High Templar x3  
  155  10:31  Adept  
  155  10:32  Zealot x3  
  155  10:34  Archon x2  
  153  10:55  Zealot x4  
  131  11:03  Zealot x4  
  125  11:06  Immortal x2 (Chrono Boost)  
  117  11:17  Zealot  
  117  11:18  Zealot x3  
  117  11:25  Zealot x3  
  113  11:26  Zealot  
  119  11:38  Zealot  
  119  11:39  Zealot x3  
  130  11:40  Immortal (Chrono Boost)  
  130  11:41  Immortal (Chrono Boost)  
  125  11:51  Zealot x3  
  103  12:02  Pylon  
  103  12:06  Pylon  
  101  12:09  High Templar x4  
  101  12:14  Immortal (Chrono Boost)  
  101  12:15  Immortal (Chrono Boost), Protoss Ground Armor Level 1  
  117  12:16  Archon x2  
  117  12:20  Sentry  
  117  12:21  Sentry  
  117  12:22  Sentry x2  
  125  12:27  Pylon  
  125  12:30  Pylon  
  125  12:43  High Templar x2  
  125  12:44  High Templar x2  
  133  12:45  Zealot x4  
  133  12:48  Observer (Chrono Boost), Warp Prism (Chrono Boost), Archon  
  133  12:49  Archon  
  144  13:07  Zealot  
  144  13:08  Zealot x3  
  144  13:11  Immortal (Chrono Boost)  
  156  13:18  Zealot x4  
  168  13:20  Immortal (Chrono Boost)  
  168  13:41  Zealot x6  
  174  13:48  Pylon  
  178  13:56  Pylon  
  178  13:59  Zealot x2  
  147  14:04  Zealot  
  147  14:05  Zealot x5  
Show
View Real Time Build Order
Export as new Build Order

Smile Zerg 

Build Orders: Hatch First, Lurkers 

Get SALT Encoding   

  12  0:04  Drone  
  13  0:14  Overlord  
  13  0:18  Drone  
  14  0:35  Drone  
  14  0:36  Drone  
  14  0:39  Drone  
  17  0:56  Drone, Hatchery  
  17  1:01  Extractor  
  16  1:13  Spawning Pool  
  16  1:15  Drone  
  16  1:29  Drone  
  16  1:30  Drone  
  16  1:31  Overlord  
  18  1:49  Drone  
  19  2:00  Queen  
  19  2:01  Zergling x2  
  22  2:08  Queen  
  24  2:11  Metabolic Boost  
  24  2:13  Drone  
  24  2:14  Drone  
  26  2:39  Hatchery  
  26  2:44  Drone x3  
  27  2:47  Queen  
  30  2:58  Drone  
  30  2:59  Drone x2  
  30  3:03  Overlord  
  33  3:09  Drone  
  33  3:10  Drone x2  
  36  3:16  Overlord  
  36  3:25  Drone x5  
  41  3:27  Drone  
  41  3:32  Queen  
  44  3:43  Extractor, Drone  
  44  3:45  Zergling x8  
  48  4:00  Drone  
  48  4:01  Drone x2  
  48  4:02  Queen, Drone x2  
  55  4:06  Drone  
  56  4:14  Roach Warren  
  56  4:16  Drone x3  
  58  4:19  Lair  
  58  4:23  Overlord x2  
  58  4:30  Overlord x2  
  58  4:46  Drone x2  
  58  4:47  Drone, Evolution Chamber  
  58  4:51  Evolution Chamber  
  59  4:54  Roach x8  
  59  4:56  Drone  
  59  4:57  Drone  
  59  4:58  Drone  
  78  5:00  Drone  
  78  5:06  Roach  
  81  5:08  Overlord  
  81  5:13  Extractor  
  79  5:15  Roach  
  79  5:19  Glial Reconstitution  
  81  5:22  Zergling x2  
  81  5:24  Overlord x3  
  82  5:34  Roach  
  82  5:35  Roach x3  
  82  5:51  Roach  
  82  5:52  Zergling x22  
  95  6:03  Extractor  
  89  6:22  Roach x7  
  89  6:23  Overlord x2  
  94  6:34  Queen  
  94  6:44  Drone x9  
  94  6:45  Drone  
  104  6:55  Zerg Missile Weapons Level 1  
  104  6:56  Zerg Ground Armor Level 1  
  104  7:04  Drone  
  104  7:05  Drone x3  
  108  7:09  Ravager x3  
  108  7:11  Ravager  
  108  7:12  Roach x2  
  118  7:23  Roach x4  
  118  7:25  Overseer  
  118  7:28  Drone  
  118  7:29  Drone x3  
  128  7:37  Queen  
  121  7:55  Roach x4  
  121  7:56  Overlord x3  
  129  8:03  Extractor  
  129  8:04  Extractor  
  127  8:06  Hydralisk Den, Roach x2  
  127  8:07  Overlord x2  
  130  8:14  Roach x3  
  130  8:15  Roach  
  130  8:18  Overseer  
  138  8:20  Ravager x2  
  138  8:21  Roach  
  138  8:22  Roach  
  144  8:29  Drone x3  
  144  8:30  Drone x2  
  144  8:33  Ravager  
  150  8:38  Hydralisk x2  
  150  8:40  Hydralisk  
  156  8:45  Drone  
  156  8:46  Drone x3  
  160  8:51  Muscular Augments  
  160  9:01  Hydralisk  
  162  9:03  Overlord x3  
  162  9:14  Overlord x3  
  162  9:15  Overlord  
  162  9:26  Hydralisk  
  162  9:27  Hydralisk x4  
  172  9:44  Roach, Hydralisk  
  172  9:45  Roach x4, Hydralisk x2  
  185  9:52  Zerg Missile Weapons Level 2  
  185  9:58  Hydralisk  
  185  9:59  Hydralisk x3  
  191  10:14  Hydralisk  
  191  10:15  Hydralisk x2  
  191  10:18  Hatchery  
  191  10:20  Overlord  
  196  10:22  Lurker Den  
  196  10:34  Ravager x2  
  198  10:36  Zergling x4  
  198  10:47  Hydralisk x2  
  198  10:48  Hydralisk x3  
  190  10:55  Roach x4  
  170  11:01  Overseer  
  154  11:09  Hydralisk  
  154  11:10  Hydralisk x3  
  149  11:12  Zergling x12  
  129  11:29  Roach, Zergling x6  
  129  11:30  Roach x4  
  142  11:37  Roach x3  
  142  11:38  Roach  
  122  12:00  Roach x10  
  122  12:01  Roach  
  120  12:13  Lurker x3  
  120  12:14  Lurker x2  
  120  12:15  Zergling x4, Roach  
  128  12:16  Zergling x4  
  128  12:18  Zergling x2  
  128  12:22  Zergling x2  
  133  12:23  Roach  
  133  12:24  Roach  
  137  12:37  Hydralisk  
  137  12:38  Hydralisk x2  
  137  12:41  Zergling x2  
  137  12:42  Roach, Zergling x4  
  146  13:02  Hydralisk x2  
  146  13:03  Hydralisk x5  
  160  13:08  Hydralisk  
  160  13:09  Hydralisk  
  165  13:12  Lurker  
  165  13:14  Lurker  
  166  13:28  Roach  
  166  13:29  Roach x4  
  176  13:48  Hydralisk  
  176  13:49  Hydralisk x6  
Tags
 
Add a new tag
Caveats
  • Supply blocks, unpowered buildings, or Contaminate may cause inaccurate times.
  • Supply counts are checked every 10 seconds.